Map: Ulzaan

Players

Subwaymaker - Winner!

  • Race: Protoss Protoss
  • League: Silver
  • Spawn Location: 11:00

Mesrob - Winner!

  • Race: Terran Terran
  • Spawn Location: 9:00

DanteEscobar

  • Race: Terran Terran
  • Spawn Location: 1:00

Vladi

  • Race: Terran Terran
  • League: Bronze
  • Spawn Location: 3:00

VOD

Have the link to the VOD?

Description

Time

  • Played on: Jan. 8, 2019, 11:43 a.m.
  • Length: 8:22
Show
View Real Time Build Order
Export as new Build Order

Subwaymaker Protoss - Winner!

Build Orders:  

Get SALT Encoding   

  1  0:00  Probe  
  12  0:05  Probe  
  14  0:25  Pylon  
  14  0:29  Assimilator  
  14  0:31  Probe  
  15  0:51  Gateway  
  15  0:56  Probe  
  16  1:04  Probe  
  17  1:12  Probe  
  18  1:23  Probe  
  19  1:30  Pylon  
  19  1:35  Probe  
  20  1:42  Cybernetics Core  
  20  1:44  Gateway  
  20  1:48  Probe, Zealot  
  23  1:58  Probe  
  24  2:06  Probe  
  24  2:14  Probe  
  26  2:26  Probe  
  26  2:28  Pylon  
  27  2:33  Warp Gate  
  27  2:35  Twilight Council  
  27  2:36  Forge  
  27  2:40  Gateway  
  27  2:43  Pylon  
  27  2:47  Assimilator, Probe  
  28  3:24  Charge  
  28  3:31  Nexus  
  28  3:33  Pylon  
  28  3:35  Protoss Ground Armor Level 1  
  28  3:42  Gateway  
  28  3:49  Probe  
  29  4:01  Probe  
  30  4:13  Probe  
  30  4:14  Pylon  
  31  4:23  Zealot x2  
  35  4:24  Zealot  
  37  4:37  Gateway  
  37  4:39  Gateway  
  37  4:42  Gateway  
  37  4:48  Probe  
  38  4:57  Probe  
  38  5:00  Pylon  
  38  5:03  Assimilator  
  38  5:06  Probe  
  39  5:14  Probe  
  41  5:18  Probe  
  42  5:26  Probe  
  43  5:31  Probe  
  44  5:38  Probe  
  44  5:40  Zealot  
  44  5:41  Zealot x2  
  44  5:42  Zealot x2  
  55  5:43  Sentry, Probe  
  55  5:44  Sentry  
  60  5:55  Probe  
  61  6:04  Zealot  
  61  6:05  Zealot x3  
  61  6:06  Zealot  
  61  6:07  Probe, Zealot  
  74  6:19  Probe  
  74  6:22  Pylon  
  74  6:24  Pylon  
  75  6:31  Probe  
  70  7:10  Pylon  
  62  7:31  Zealot x3  
  62  7:32  Sentry, Zealot x2  
  62  7:33  Sentry  
  76  8:02  Zealot x4  
  76  8:03  Zealot  
  76  8:04  Sentry  
  88  8:06  Zealot  
Show
View Real Time Build Order
Export as new Build Order

Mesrob Terran - Winner!

Build Orders:  

Get SALT Encoding   

  12  0:01  SCV  
  13  0:21  Supply Depot  
  13  0:24  Refinery  
  13  0:28  Refinery  
  13  0:31  SCV  
  14  0:48  Barracks  
  14  0:53  SCV  
  15  1:05  SCV  
  16  1:17  SCV  
  17  1:29  SCV  
  17  1:31  Supply Depot  
  18  1:41  Factory  
  18  1:49  Barracks Tech Lab  
  18  1:55  Orbital Command  
  18  2:37  Barracks Reactor  
  18  2:40  Supply Depot  
  18  2:44  Siege Tank  
  21  2:54  Barracks  
  21  3:00  SCV  
  22  3:12  Engineering Bay  
  22  3:15  Marine  
  22  3:16  Marine  
  24  3:33  Marine  
  24  3:34  Marine  
  25  3:37  Siege Tank  
  29  3:42  Terran Infantry Weapons Level 1  
  29  3:44  Barracks Tech Lab  
  29  3:53  Supply Depot  
  29  4:05  Marauder  
  29  4:06  Marine x2  
  29  4:09  Siege Tank  
  36  4:16  Combat Shield  
  36  4:26  Supply Depot  
  36  4:37  Marauder  
  39  4:48  Siege Tank  
  41  5:04  Marine  
  41  5:05  Marine x2  
  38  5:22  Marine  
  39  5:44  Marauder, Marine  
  39  5:45  Marine  
  43  6:02  Marine  
  43  6:03  Marine  
  45  6:05  Marine  
  46  6:20  Marine  
  46  6:21  Marine, Siege Tank  
  46  6:24  Marauder  
  53  6:38  Marine  
  55  7:30  Siege Tank  
Show
View Real Time Build Order
Export as new Build Order

DanteEscobar Terran 

Build Orders:  

Get SALT Encoding   

  12  0:01  SCV  
  13  0:20  SCV  
  14  0:22  Supply Depot  
  14  0:32  SCV  
  15  0:45  SCV  
  16  0:51  Barracks  
  16  0:56  Barracks  
  17  1:04  SCV  
  17  1:17  SCV, Barracks  
  18  1:35  Barracks  
  18  1:48  Marine x2  
  18  1:54  Orbital Command  
  20  2:06  Marine x3  
  23  2:28  Supply Depot  
  23  2:31  Supply Depot  
  23  2:49  Marine x4  
  27  3:07  Marine x4, Barracks  
  27  3:08  Refinery  
  27  3:09  SCV  
  32  3:24  Marine x4  
  36  3:31  Supply Depot  
  36  3:33  Supply Depot  
  36  3:38  SCV  
  37  3:42  Marine x2  
  39  3:52  Marine x2  
  41  4:00  Marine x2  
  43  4:03  Barracks Tech Lab  
  43  4:09  Supply Depot  
  43  4:10  Marine x2  
  45  4:18  Marine x2  
  47  4:28  Marine x2  
  49  4:32  Supply Depot  
  49  4:36  Marine x2  
  51  4:45  Marine x2  
  51  4:48  Marine  
  54  4:54  Marine x2  
  56  5:03  Marine x2  
  56  5:06  Marine, Stimpack  
  59  5:11  Marine x2  
  44  5:21  Marine x2  
  34  5:57  SCV  
  34  5:58  Refinery  
  35  6:09  SCV  
  36  6:12  Command Center  
  36  6:14  Engineering Bay  
  36  6:21  SCV  
  36  6:24  Barracks Reactor  
  37  6:28  Barracks Reactor  
  37  6:33  SCV  
  37  6:37  Barracks Reactor  
  38  6:56  SCV  
  39  7:07  Marine x4  
  43  7:08  SCV  
  39  7:18  Marine x2  
  39  7:21  SCV  
  33  7:25  Marine x2  
  34  7:33  SCV  
  34  7:36  Marine  
  32  7:45  SCV  
Show
View Real Time Build Order
Export as new Build Order

Vladi Terran 

Build Orders:  

Get SALT Encoding   

  12  0:21  Supply Depot  
  12  0:28  Refinery, SCV  
  13  0:38  Refinery  
  13  0:48  Barracks  
  13  1:11  Barracks  
  13  1:22  Engineering Bay  
  13  1:31  SCV  
  14  1:40  Barracks Reactor  
  14  1:43  SCV  
  15  1:59  Terran Infantry Weapons Level 1  
  15  2:06  Barracks Reactor  
  15  2:48  Reaper x2  
  15  2:49  Reaper  
  15  2:50  Reaper  
  19  4:17  Reaper  
  19  4:18  Reaper x3  
  23  4:35  Terran Infantry Armor Level 1  
  23  4:59  Supply Depot  
  27  5:21  Reaper x4  
  23  5:37  Orbital Command  
  23  5:52  Factory  
  23  5:53  Reaper x3  
  23  6:33  Command Center  
  23  6:35  Missile Turret  
  23  6:56  Missile Turret  
Tags
 
Add a new tag
Caveats
  • Supply blocks, unpowered buildings, or Contaminate may cause inaccurate times.
  • Supply counts are checked every 10 seconds.